Map: Dusk Towers

Players

llllllllllll - Winner!

  • Race: Terran Terran
  • League: Master

Miszu

  • Race: Terran Terran
  • League: Grandmaster

VOD

Have the link to the VOD?

Description

Time

  • Played on: May 26, 2016, 1:38 p.m.
  • Length: 11:09
Show
View Real Time Build Order
Export as new Build Order

llllllllllll Terran - Winner!

Build Orders: Bio Tank 

Get SALT Encoding   

  12  0:03  SCV  
  13  0:15  SCV  
  14  0:22  Supply Depot  
  14  0:27  SCV  
  15  0:43  SCV  
  15  0:45  Barracks  
  15  0:49  Refinery  
  16  0:55  SCV  
  17  1:07  SCV  
  18  1:19  SCV  
  19  1:32  Barracks Reactor  
  20  1:33  Orbital Command  
  19  1:45  Command Center  
  19  1:52  Supply Depot  
  19  2:00  SCV  
  21  2:08  Reaper  
  21  2:09  Reaper  
  21  2:12  SCV  
  21  2:13  Refinery  
  22  2:23  Barracks  
  22  2:24  SCV  
  23  2:36  SCV  
  24  2:40  Marine  
  24  2:41  Marine  
  24  2:43  Factory  
  26  2:52  SCV  
  26  2:56  Orbital Command  
  27  3:01  Marine  
  27  3:02  Marine  
  27  3:05  SCV  
  30  3:11  Barracks Tech Lab  
  30  3:17  SCV  
  30  3:18  Marine  
  32  3:20  Marine  
  32  3:25  SCV  
  33  3:29  SCV  
  33  3:30  Starport  
  33  3:32  Factory Tech Lab  
  34  3:36  Marine  
  34  3:38  Marine, SCV  
  34  3:41  Marine  
  38  3:45  Combat Shields  
  38  3:46  SCV  
  39  3:52  Supply Depot, SCV  
  39  3:54  Widow Mine  
  42  3:57  Marine x2  
  42  4:00  SCV  
  45  4:03  Marine  
  45  4:08  Supply Depot  
  46  4:13  Medivac, SCV x2  
  50  4:17  Marine  
  50  4:18  Supply Depot  
  50  4:20  Marine  
  52  4:25  SCV  
  52  4:26  Supply Depot  
  52  4:27  Marine  
  54  4:32  Siege Tank  
  54  4:34  SCV  
  54  4:38  SCV  
  59  4:40  Supply Depot, Marine  
  59  4:42  Marine  
  61  4:55  Marine  
  61  4:56  Viking  
  61  4:57  SCV x2  
  66  5:01  Supply Depot  
  66  5:03  Supply Depot  
  66  5:09  SCV x2  
  66  5:16  Marine x2, Stimpack  
  66  5:17  Marine  
  66  5:18  Siege Tank  
  72  5:21  SCV x2  
  72  5:27  Supply Depot  
  74  5:33  Marine, SCV  
  76  5:36  Marine  
  76  5:41  Marine  
  78  5:45  Command Center  
  78  5:49  Refinery x2, Medivac  
  79  5:51  Marine  
  79  5:55  Engineering Bay  
  79  5:56  Marine  
  81  5:58  SCV  
  81  6:01  SCV  
  81  6:03  Supply Depot  
  83  6:05  Marine  
  83  6:08  Siege Tank  
  77  6:27  Marine x3  
  77  6:28  Viking  
  76  6:41  SCV  
  76  6:43  Terran Infantry Weapons Level 1  
  76  6:45  Marine x2, Barracks  
  76  6:46  Engineering Bay, Barracks x2  
  76  6:47  SCV  
  80  6:59  Marine  
  80  7:03  Marine  
  80  7:05  Marine  
  80  7:06  Siege Tank  
  80  7:07  Starport Reactor  
  84  7:08  SCV x2  
  86  7:17  Marine  
  86  7:20  Marine  
  84  7:23  Marine  
  82  7:35  Marine  
  82  7:36  SCV x2  
  81  7:37  Orbital Command  
  81  7:41  Marine x2  
  81  7:42  Barracks Reactor, Siege Tank  
  86  7:45  Barracks Reactor x2  
  86  7:46  Terran Infantry Armor Level 1  
  86  7:49  SCV x2  
  86  7:51  Armory  
  88  7:52  Marine, Medivac  
  88  7:53  Medivac  
  93  7:59  Marine  
  93  8:01  Sensor Tower, SCV x2  
  93  8:04  SCV  
  93  8:05  Marine, Missile Turret  
  98  8:10  Marine  
  99  8:13  SCV  
  99  8:15  Siege Tank  
  99  8:17  Marine, SCV x2  
  99  8:18  Supply Depot  
  99  8:19  Marine x2  
  106  8:21  Marine x4  
  106  8:23  Marine  
  106  8:26  Supply Depot, SCV  
  114  8:28  Marine, Medivac  
  114  8:29  Medivac, SCV x2  
  121  8:35  Supply Depot  
  121  8:37  Supply Depot, Marine x2  
  121  8:38  Marine, SCV  
  121  8:39  Terran Infantry Weapons Level 2  
  121  8:41  SCV  
  126  8:43  SCV  
  126  8:45  Supply Depot  
  126  8:46  Marine x4  
  131  8:49  Marine x2  
  131  8:52  Siege Tank  
  131  8:55  Marine  
  136  8:56  Marine x2, Refinery  
  136  8:57  Refinery  
  136  8:59  Terran Vehicle Weapons Level 1  
  139  9:03  Marine  
  139  9:04  Marine x2  
  139  9:05  SCV x2  
  139  9:08  Supply Depot  
  139  9:09  Supply Depot  
  144  9:10  SCV  
  144  9:11  Marine x2  
  144  9:12  Marine  
  144  9:13  Marine  
  144  9:16  Marine  
  150  9:17  Marine, SCV  
  150  9:21  Marine  
  150  9:22  SCV  
  150  9:24  Marine x2, Siege Tank  
  150  9:29  Marine x2  
  150  9:31  Marine x2  
  157  9:32  Medivac  
  157  9:35  Marine x2  
  155  9:47  Marine  
  155  9:51  Marine x3  
  155  9:52  Marine x2  
  157  9:59  Marine x3  
  149  10:00  Siege Tank  
  149  10:05  Marine  
  154  10:08  Medivac x2  
  154  10:09  Marine x3  
  154  10:11  Marine x2  
  161  10:17  Marine x3  
  164  10:23  Marine  
  164  10:27  Marine x2  
  159  10:29  Marine  
  159  10:30  Marine x2  
  159  10:33  SCV  
  159  10:34  SCV  
  159  10:35  Marine x3  
  160  10:40  Marine, Command Center  
  166  10:54  Command Center  
Show
View Real Time Build Order
Export as new Build Order

Miszu Terran 

Build Orders: Reaper Expand, MMM Bio 

Get SALT Encoding   

  12  0:01  SCV  
  13  0:13  SCV  
  14  0:17  Supply Depot  
  14  0:25  SCV  
  15  0:39  SCV  
  15  0:40  Barracks  
  16  0:43  Refinery  
  16  0:51  SCV  
  17  1:06  SCV  
  18  1:18  SCV  
  19  1:28  Reaper  
  19  1:30  Orbital Command  
  20  1:43  Command Center  
  20  1:55  Supply Depot  
  20  1:56  SCV  
  20  2:00  Marine  
  22  2:14  SCV  
  23  2:16  Factory  
  23  2:21  Barracks Reactor  
  23  2:26  SCV  
  24  2:38  SCV  
  24  2:41  Command Center  
  25  2:50  SCV  
  25  2:58  Marine x2  
  25  2:59  SCV  
  25  3:00  Hellion  
  25  3:03  SCV  
  31  3:11  Orbital Command  
  31  3:15  SCV  
  31  3:19  Starport  
  32  3:25  Marine x2  
  34  3:27  SCV  
  34  3:28  Widow Mine  
  37  3:37  SCV  
  37  3:39  SCV  
  39  3:43  Marine x2  
  41  3:49  SCV  
  41  3:51  SCV  
  41  3:54  Orbital Command  
  43  3:57  Medivac  
  43  4:01  SCV  
  46  4:02  Supply Depot  
  46  4:03  Refinery, SCV  
  46  4:06  Factory Tech Lab  
  46  4:08  Marine x2  
  49  4:13  SCV  
  49  4:15  SCV  
  51  4:20  Barracks  
  51  4:21  Barracks  
  51  4:25  SCV  
  51  4:31  SCV  
  53  4:33  Orbital Command  
  53  4:34  Refinery  
  53  4:35  Refinery  
  53  4:37  Starport Reactor, Marine x2  
  55  4:40  SCV  
  55  4:43  SCV  
  55  4:45  Engineering Bay  
  57  4:46  Engineering Bay  
  57  4:51  Siege Tank  
  61  4:52  SCV  
  61  4:55  SCV  
  62  5:05  SCV  
  62  5:06  Marine x2  
  65  5:12  SCV  
  65  5:13  Terran Infantry Weapons Level 1, Terran Infantry Armor Level 1, SCV  
  67  5:17  SCV  
  64  5:23  Barracks Tech Lab x2  
  64  5:24  Marine  
  64  5:28  SCV  
  66  5:29  Barracks, SCV  
  66  5:30  Barracks  
  66  5:37  Refinery  
  66  5:38  Missile Turret x2  
  66  5:40  Missile Turret  
  66  5:42  Siege Tank  
  69  5:49  Supply Depot  
  69  5:50  Supply Depot  
  69  5:54  Stimpack  
  69  6:10  SCV x3  
  72  6:14  Siege Tank  
  67  6:22  SCV x3  
  61  6:29  Marine  
  61  6:30  Marine  
  61  6:32  Marine  
  55  6:33  Marine x3  
  55  6:34  SCV  
  55  6:35  Combat Shields  
  54  6:44  Medivac  
  54  6:46  Siege Tank  
  58  6:47  Marine x2  
  58  6:50  Marine  
  58  6:51  Marine x3  
  59  7:05  Marine x2  
  59  7:08  Marine  
  58  7:09  Marine x3  
  57  7:23  Marine x2  
  57  7:25  Marine  
  57  7:26  Marine  
  57  7:27  Marine x2  
  51  7:34  SCV x2  
  51  7:36  Orbital Command  
  49  7:41  Marine x2  
  49  7:43  Marine, Medivac, Factory Tech Lab  
  49  7:44  Marine x2, Medivac  
  56  7:45  Marine  
  56  7:46  SCV x2  
  56  7:47  Armory  
  62  7:58  Marine, SCV x2  
  62  7:59  Marine  
  62  8:02  Marine, SCV  
  69  8:12  Supply Depot  
  69  8:13  Supply Depot, SCV  
  69  8:14  Barracks Reactor x2, SCV  
  69  8:15  Supply Depot  
  69  8:34  Marine x4, Medivac, Siege Tank, SCV  
  69  8:35  SCV x2  
  69  8:38  Terran Infantry Armor Level 2, Terran Infantry Weapons Level 2  
  69  8:39  Supply Depot  
  81  8:41  Supply Depot  
  81  8:44  Terran Vehicle Weapons Level 1  
  81  8:46  SCV  
  81  8:47  SCV x2  
  84  8:51  Refinery  
  84  8:52  Marine x5, Refinery  
  84  8:53  Marine x2  
  91  8:58  Marine, SCV  
  91  9:01  SCV x2  
  95  9:06  Siege Tank  
  95  9:08  Supply Depot  
  95  9:09  Marine x2  
  97  9:10  SCV  
  97  9:13  SCV x2  
  102  9:21  Marine x2  
  102  9:22  Medivac x2, SCV  
  108  9:25  SCV  
  108  9:26  Factory  
  108  9:29  SCV  
  108  9:30  Marine  
  108  9:31  Marine x4  
  111  9:34  Supply Depot, SCV  
  111  9:36  Supply Depot  
  116  9:43  Siege Tank  
  108  9:50  Marauder  
  87  9:55  Marine x5  
  87  9:56  Marine x2  
  77  10:11  Marine  
  77  10:13  Marine x7  
  74  10:29  Marine  
  74  10:30  Marine  
  74  10:31  Marine x2  
  74  10:32  Marine x4  
  79  10:47  Marine  
  79  10:48  Marine  
  79  10:49  Marine x2  
  86  10:57  Supply Depot  
  86  10:59  Supply Depot  
Tags
 
Add a new tag
Caveats
  • Supply blocks, unpowered buildings, or Contaminate may cause inaccurate times.
  • Supply counts are checked every 10 seconds.